 Dungeon Crawl Stone Soup version 0.25-a0-404-gc1b5a34292 (webtiles) character file.

Game seed: 13684614719211282938, levelgen mode: deterministic

190097 Flugkiller the Stormcaller (level 17, -16/126 HPs)
             Began as a Demigod Air Elementalist on Jan 12, 2020.
             Killed from afar by a deep elf death mage (19 damage)
             ... with a bolt of negative energy
             ... on level 2 of the Elven Halls.
             The game lasted 01:31:05 (54780 turns).

Flugkiller the Stormcaller (DgAE)                  Turns: 54780, Time: 01:31:05

Health: -16/126    AC: 16    Str: 11    XL:     17   Next: 35%
Magic:  19/39      EV: 14    Int: 35    God:
Gold:   1238       SH:  5    Dex: 16    Spells: 15/41 levels left

rFire    + + .     SeeInvis .   r - +5 falchion (elec)
rCold    . . .     Gourm    .   t - +2 buckler
rNeg     . . .     Faith    +   V - +2 robe {MR+}
rPois    .         Spirit   .   m - +2 helmet
rElec    +         Reflect  .   B - +0 cloak
rCorr    .         Harm     .   A - +0 pair of gloves {archery}
MR       +++..                  M - +2 pair of boots {Stlth+}
Stlth    ++........             L - amulet "Ticwis" {Faith rElec rF++ Int+4 Stlth-}
HPRegen  0.31/turn              d - +2 ring of intelligence
MPRegen  0.26/turn              R - ring "Lyilyatz" {MR+ AC+4}

@: heavily drained
A: high mp 1, mutation resistance 1
a: no special abilities


You were on level 2 of the Elven Halls.
You were not hungry.

You visited 6 branches of the dungeon, and saw 29 of its levels.
You also visited: Gauntlet.

You collected 2425 gold pieces.
You spent 1187 gold pieces at shops.

Inventory:

Hand Weapons
 r - a +5 falchion of electrocution (weapon)
   (You took it off Robin on level 4 of the Dungeon)
Missiles
 C - 4 throwing nets (quivered)
Armour
 e - the -2 hat of the Alchemist {rElec rPois rF+ rC+ rN+ MR+ rMut rCorr}
   (You found it in a Gauntlet)

   It protects you from fire.
   It protects you from cold.
   It insulates you from electricity.
   It protects you from poison.
   It protects you from negative energy.
   It affects your resistance to hostile enchantments.
   It provides partial protection from all sources of acid and corrosion.
   It protects you from mutation.
 m - a +2 helmet (worn)
   (You took it off Robin on level 4 of the Dungeon)
 t - a +2 buckler (worn)
   (You took it off a spriggan on level 6 of the Lair of Beasts)
 A - a +0 pair of gloves of archery (worn)
   (You bought it in a shop on level 8 of the Dungeon)
 B - a +0 cloak (worn)
   (You found it on level 7 of the Dungeon)
 M - a +2 pair of boots of stealth (worn)
   (You found it in a Gauntlet)
 V - a +2 robe of magic resistance (worn)
   (You took it off an orc sorcerer on level 2 of the Orcish Mines)
Magical Staves
 K - an uncursed staff of wizardry
   (You found it on level 8 of the Dungeon)
Jewellery
 d - a +2 ring of intelligence (left hand)
   (You found it on level 1 of the Dungeon)
 h - the ring of the Ladybird {rN+ MR++}
   (You found it in a Gauntlet)

   [ring of positive energy]

   It protects you from negative energy.
   It affects your resistance to hostile enchantments.
 i - a +2 ring of evasion
   (You found it in a Gauntlet)
 G - an uncursed ring of poison resistance
   (You found it on level 2 of the Orcish Mines)
 L - the amulet "Ticwis" (around neck) {Faith rElec rF++ Int+4 Stlth-}
   (You found it on level 8 of the Dungeon)

   [amulet of faith]

   It allows you to gain divine favour quickly.
   It affects your intelligence (+4).
   It greatly protects you from fire.
   It insulates you from electricity.
   It makes you less stealthy.
 P - an uncursed ring of protection from cold
   (You found it on level 9 of the Dungeon)
 R - the ring "Lyilyatz" (right hand) {MR+ AC+4}
   (You acquired it on level 1 of the Spider Nest)

   [ring of protection]

   It affects your AC (+4).
   It affects your resistance to hostile enchantments.
Wands
 a - a wand of polymorph (23)
   (You took it off an orc warrior on level 8 of the Dungeon)
 p - a wand of enslavement (7)
   (You found it on level 3 of the Dungeon)
 q - a wand of digging (12)
   (You found it on level 4 of the Dungeon)
 s - a wand of flame (65)
   (You found it on level 4 of the Lair of Beasts)
 u - a wand of acid (26)
   (You found it on level 5 of the Dungeon)
 w - a wand of iceblast (29)
   (You found it on level 7 of the Dungeon)
 F - a wand of paralysis (10)
   (You took it off an orc wizard on level 8 of the Dungeon)
Scrolls
 b - 2 scrolls of teleportation
 g - 4 scrolls of fog
 k - 5 scrolls of magic mapping
 l - 16 scrolls of remove curse
 y - 5 scrolls of fear
 z - 5 scrolls of amnesia
 D - 6 scrolls of identify
 E - 2 scrolls of summoning
 H - a scroll of vulnerability
Potions
 f - 4 potions of mutation
 n - a potion of curing
 o - 2 potions of might
 v - 2 potions of magic
 x - 4 potions of cancellation
 N - 6 potions of brilliance
 O - 3 potions of haste
 Q - a potion of flight
 S - 3 potions of resistance
 T - a potion of invisibility
Miscellaneous
 J - a lightning rod (4/4)
   (You found it on level 8 of the Dungeon)
Comestibles
 c - 26 rations


   Skills:
 - Level 5.0(3.7) Fighting
 - Level 6.2(4.9) Dodging
 - Level 1.7(0.6) Stealth
 + Level 12.9(11.4) Spellcasting
 - Level 15.0(13.3) Conjurations
 + Level 18.6(16.9) Air Magic
 - Level 5.0(3.7) Evocations


You had 15 spell levels left.
You knew the following spells:

 Your Spells              Type           Power        Failure   Level  Hunger
a - Shock                 Conj/Air       ####         0%          1    None
b - Static Discharge      Conj/Air       #######.     1%          3    None
c - Airstrike             Air            #######...   1%          4    None
d - Lightning Bolt        Conj/Air       #######...   1%          5    None
e - Conjure Ball Lightni  Conj/Air       #######...   1%          6    ####...
f - Orb of Destruction    Conj           #######...   13%         7    #####..

Your spell library contained the following spells:

 Spells                   Type           Power        Failure   Level  Hunger
 Magic Dart               Conj           ####         0%          1    None
 Foxfire                  Conj/Fire      ####         1%          1    None
 Poisonous Vapours        Pois/Air       ######       1%          2    None
 Searing Ray              Conj           ######       1%          2    None
 Swiftness                Chrm/Air       ######..     1%          2    None
 Conjure Flame            Conj/Fire      ######..     1%          3    None
 Mephitic Cloud           Conj/Pois/Air  ######..     1%          3    None
 Sticky Flame             Conj/Fire      ######..     2%          4    None
 Animate Skeleton         Necr           N/A          3%          1    None
 Apportation              Tloc           ###...       3%          1    None
 Corona                   Hex            ###....      3%          1    None
 Sting                    Tmut/Pois      ###.         3%          1    None
 Summon Butterflies       Summ           ###.....     3%          1    None
 Summon Small Mammal      Summ           ###.         3%          1    None
 Blink                    Tloc           N/A          5%          2    None
 Call Imp                 Summ           ###.....     5%          2    None
 Slow                     Hex            ###.....     5%          2    None
 Fireball                 Conj/Fire      ######....   6%          5    None
 Iskenderun's Battlesphe  Conj/Chrm      ######..     6%          5    None
 Confusing Touch          Hex            ###.....     11%         3    None
 Gell's Gravitas          Tloc           ###.......   11%         3    None
 Ignite Poison            Fire/Tmut/Pois ###.....     11%         3    None
 Inner Flame              Hex/Fire       ###.....     11%         3    None
 Lesser Beckoning         Tloc           ###.......   11%         3    None
 Portal Projectile        Hex/Tloc       ###...       11%         3    None
 Recall                   Summ/Tloc      N/A          11%         3    None
 Tukima's Dance           Hex            ###.....     11%         3    None
 Bolt of Magma            Conj/Fire/Erth ######....   16%         5    None
 Cause Fear               Hex            ###.......   34%         4    None
 Leda's Liquefaction      Hex/Erth       ###.......   34%         4    None
 Olgreb's Toxic Radiance  Pois           ###.....     34%         4    None
 Petrify                  Tmut/Erth      ###.....     34%         4    None
 Iron Shot                Conj/Erth      ######....   34%         6    ####...
 Alistair's Intoxication  Tmut/Pois      ###.....     69%         5    None
 Aura of Abjuration       Summ           ###.......   69%         5    None
 Metabolic Englaciation   Hex/Ice        ###.......   69%         5    None
 Summon Demon             Summ           ###.......   69%         5    None
 Summon Forest            Summ/Tloc      ###.......   69%         5    None
 Summon Mana Viper        Hex/Summ       ###.....     69%         5    None
 Yara's Violent Unravell  Hex/Tmut       ###.......   69%         5    None
 Spellforged Servitor     Conj/Summ      ######....   89%         7    #####..
 Invisibility             Hex            ###.....     99%         6    ####...
 Shadow Creatures         Summ           N/A          99%         6    ####...


Dungeon Overview and Level Annotations

Branches:
Dungeon (13/15)            Temple (0/1) D:7            Lair (6/6) D:10
 Shoals (3/4) Lair:4       Spider (3/4) Lair:4        Slime (0/5) Lair:5
    Orc (2/2) D:12            Elf (2/3) Orc:2       Gauntlet (visited)
 Vaults: D:13-14

Shops:
D:8 *   D:10 *   D:13 *   Orc:1 ?   Orc:2 (%??   Elf:1 [[=}[   Shoals:2 :
Shoals:3 *

Annotations:
D:8 2 runed translucent doors, exclusion: orange crystal statue
D:13 Tux's ghost, journeyman FoFi
Lair:1 1 runed translucent door, Betogralu's ghost, novice DEAE


Innate Abilities, Weirdness & Mutations

You have an increased reservoir of magic. (+10% MP)
You are somewhat resistant to further mutation.


Message History

The air twists around and violently strikes the lost soul!!!
You destroy the lost soul!
The deep elf archer shoots an arrow.
The arrow closely misses your ball lightning.
The arrow hits you!
The deep elf archer shoots an arrow.
The arrow barely misses your ball lightning.
You block the arrow.
Your ball lightning explodes!
The blast of lightning engulfs the deep elf archer!!
The deep elf archer is heavily wounded.
The blast of lightning engulfs your ball lightning.
Your ball lightning completely resists.
The blast of lightning engulfs the deep elf mage!!
The deep elf mage is almost dead.
You hear a shout! x2
Casting: Airstrike (safe; 0% risk of failure)
Confirm with . or Enter, or press ? or * to list all spells.
Aiming: Airstrike (safe; 0% risk of failure)
Press: ? - help, Dir - move target cursor, f - deep elf archer
Aim: a deep elf archer, wielding a +0 shortbow, wearing a +0 leather armour and quivering 17 arrows (heavily wounded, repelling missiles)
Okay, then.
Casting: Airstrike (safe; 0% risk of failure)
Confirm with . or Enter, or press ? or * to list all spells.
You create some ball lightning! 3 ball lightnings come into view.
Your ball lightning explodes!
The blast of lightning engulfs your ball lightning.
Your ball lightning completely resists.
The blast of lightning engulfs the deep elf archer!
The deep elf archer is almost dead.
The blast of lightning engulfs you! You resist.
You feel a bit more experienced.
The deep elf archer shoots an arrow.
The arrow hits you!!
The deep elf mage casts a spell.
The deep elf mage blinks!
The deep elf death mage points at you and mumbles some strange words.
The bolt of negative energy hits you!!!
You feel drained.
* * * LOW HITPOINT WARNING * * *
Unknown command.
Unknown command.
The deep elf archer shoots an arrow.
The arrow hits you!
* * * LOW HITPOINT WARNING * * *
The deep elf archer shoots an arrow.
The arrow hits you!
* * * LOW HITPOINT WARNING * * *
The deep elf mage gestures at you while chanting.
The bolt of cold hits you!!
* * * LOW HITPOINT WARNING * * *
The deep elf death mage casts a spell at you.
The bolt of negative energy hits you!!
You feel drained.
You die...

.... .#.## #+#
e....#
####.###......
#...**.#e.e..)
#...*..'..<...
#...@..'.e....
##''###(#e....
#....##.# ##+
+..)..#(#####.
#.....'.......#
#.....'..######
##....####
######


You could see a deep elf death mage, 2 deep elf archers, a deep elf mage and 3
friendly ball lightnings.

Vanquished Creatures
  Nikola (Shoals:1)
  Polyphemus (Shoals:2)
  Kirke (Spider:2)
  An orc warlord (Orc:2)
  A ghost moth (Spider:3)
  3 entropy weavers
  A spark wasp (Spider:3)
  Snorg (Lair:5)
  An ettin (Orc:2)
  A green death (Gauntlet)
  4 merfolk impalers
  Josephine (Lair:4)
  8 hydras
  2 catoblepae
  5 two-headed ogres
  2 merfolk avatars
  7 dancing weapons
  A centaur warrior (D:8)
  4 orc high priests (Orc:2)
  7 merfolk aquamancers
  2 satyrs
  3 death yaks (Shoals:2)
  4 deep elf knights
  A wretched star (Gauntlet)
  3 sea snakes
  A wizard (Gauntlet)
  7 orb spiders
  4 orc knights
  9 deep elf archers (Elf:1)
  16 harpies
  5 orc sorcerers
  11 wolf spiders
  An ugly thing (D:12)
  16 deep elf magi (Elf:1)
  3 moths of wrath
  6 manticores
  8 fauns
  A centaur zombie (D:11)
  5 cyclopes
  5 merfolk sirens
  5 water nymphs
  14 elephants
  4 black mambas
  6 komodo dragons
  A rime drake (Lair:6)
  An orange demon (Gauntlet)
  12 spiny frogs
  An efreet (D:8)
  2 torpor snails
  2 kobold demonologists (D:11)
  8 demonic crawlers
  17 merfolk
  18 jumping spiders
  3 wind drakes
  4 polar bears
  7 trolls
  6 hornets
  A meliai zombie (D:11)
  6 snapping turtles
  13 hippogriffs
  19 blink frogs
  4 slime creatures
  5 dream sheep
  An air elemental (Elf:1)
  60 redbacks
  A vampire (D:12)
  20 spriggans
  14 water elementals
  18 tarantellas
  5 wraiths
  A fire elemental (Elf:1)
  A human (D:9)
  2 wyverns
  5 hogs (Spider:2)
  40 yaks
  A basilisk (Lair:1)
  A neqoxec (Gauntlet)
  Grum (D:10)
  3 hungry ghosts
  3 wargs
  11 water moccasins
  7 porcupines
  36 orc warriors
  A phantom (D:8)
  3 sky beasts
  2 ice beasts
  2 small abominations (Gauntlet)
  4 black bears
  An eye of draining (D:11)
  4 boggarts (Lair:6)
  A necrophage (D:11)
  13 ogres
  58 wolves
  11 centaurs
  8 crocodiles
  3 earth elementals (Elf:1)
  16 bullfrogs
  3 big kobolds
  2 scorpions
  24 killer bees
  2 electric eels
  3 howler monkeys
  7 wights
  6 crimson imps
  2 quasits
  3 centaur skeletons
  11 hounds
  3 jellies
  39 orc priests
  25 orc wizards
  A bullfrog skeleton (D:4)
  5 iguanas
  9 worker ants
  Robin (D:4)
  A worker ant zombie (D:7)
  6 gnolls (D:2)
  A howler monkey skeleton (D:7)
  16 adders
  3 shadow imps
  A white imp (Gauntlet)
  An adder zombie (D:9)
  2 oozes
  3 adder skeletons
  2 worms
  6 dart slugs
  7 leopard geckos
  128 orcs
  4 giant cockroaches
  18 goblins
  9 hobgoblins
  6 jackals
  18 kobolds
  5 quokkas
  2 ball pythons
  A ball python skeleton (D:6)
  3 bats
  5 frilled lizards
  2 jackal skeletons
  2 leopard gecko skeletons
  7 rats
  A fungus (Lair:5)
  4 plants
1091 creatures vanquished.

Vanquished Creatures (collateral kills)
  2 ball lightnings (Spider:3)
2 creatures vanquished.

Vanquished Creatures (others)
  100 ball lightnings
  An orange demon (Gauntlet)
  A bullfrog skeleton (D:8)
  An adder skeleton (D:8)
  13 fungi
  20 plants
136 creatures vanquished.

Grand Total: 1229 creatures vanquished

Notes
Turn   | Place    | Note
-------+----------+-------------------------------------------
     0 | D:1      | Flugkiller the Demigod Air Elementalist began the quest for
                  | the Orb.
     0 | D:1      | Reached XP level 1. HP: 14/14 MP: 5/5
   132 | D:1      | Reached skill level 3 in Air Magic
   246 | D:1      | Reached XP level 2. HP: 20/20 MP: 2/7
  1152 | D:2      | Reached skill level 4 in Air Magic
  1152 | D:2      | Reached XP level 3. HP: 26/26 MP: 2/8
  1270 | D:2      | Found a snail-covered altar of Cheibriados.
  1370 | D:2      | Found a shimmering blue altar of Sif Muna.
  1976 | D:2      | Reached XP level 4. HP: 33/33 MP: 4/9
  2117 | D:2      | Reached skill level 5 in Air Magic
  2248 | D:2      | Found a shimmering altar of Xom.
  2732 | D:3      | Reached XP level 5. HP: 38/38 MP: 3/10
  3236 | D:3      | Reached skill level 6 in Air Magic
  3405 | D:3      | Learned a level 3 spell: Static Discharge
  3410 | D:3      | Learned a level 4 spell: Airstrike
  3727 | D:3      | Found a sacrificial altar of Ru.
  3870 | D:3      | Found a hazy altar of Hepliaklqana.
  4094 | D:4      | Noticed Robin
  4164 | D:4      | Reached skill level 1 in Fighting
  4164 | D:4      | Reached XP level 6. HP: 47/47 MP: 5/12
  4361 | D:4      | Reached skill level 1 in Conjurations
  4612 | D:4      | Killed Robin
  5112 | D:4      | Found a blossoming altar of Fedhas.
  5139 | D:4      | Found a sparkling altar of Nemelex Xobeh.
  5258 | D:4      | Gained mutation: You are somewhat resistant to further
                  | mutation. [potion of mutation]
  5261 | D:5      | Entered Level 5 of the Dungeon
  5283 | D:5      | Found a radiant altar of Vehumet.
  5386 | D:5      | Found an iron altar of Okawaru.
  5477 | D:5      | Reached XP level 7. HP: 50/52 MP: 14/14
  5743 | D:5      | Noticed a hungry ghost
  5745 | D:5      | Killed a hungry ghost
  5745 | D:5      | Reached skill level 7 in Air Magic
  6144 | D:5      | Found a glowing golden altar of the Shining One.
  6169 | D:6      | Reached skill level 8 in Air Magic
  6178 | D:5      | Reached skill level 1 in Evocations
  6408 | D:6      | Reached XP level 8. HP: 59/59 MP: 7/16
  6653 | D:6      | Found an ornate altar of the Wu Jian Council.
  7291 | D:7      | Reached skill level 9 in Air Magic
  7641 | D:7      | Found a staircase to the Ecumenical Temple.
  7728 | D:7      | Noticed a hippogriff
  7730 | D:7      | Killed a hippogriff
  8093 | D:8      | Found Wiech's Assorted Antiques.
  8097 | D:8      | Bought a paperback book for 315 gold pieces
  8120 | D:8      | Reached skill level 10 in Air Magic
  8309 | D:8      | Noticed a centaur warrior
  8310 | D:8      | Noticed a slime creature
  8546 | D:8      | Found a runed translucent door.
  8582 | D:8      | Found a runed translucent door.
  8582 | D:8      | Noticed an orange crystal statue
  8590 | D:8      | Reached XP level 9. HP: 67/67 MP: 9/18
  8917 | D:8      | Noticed an efreet
  9117 | D:8      | Reached skill level 5 in Conjurations
  9249 | D:8      | Killed a centaur warrior
  9585 | D:8      | Killed an efreet
  9868 | D:8      | Got a dazzling chain mail
  9883 | D:8      | Got a fine sapphire amulet
  9893 | D:8      | Reached XP level 10. HP: 70/77 MP: 6/20
 10099 | D:8      | Identified the amulet "Ticwis" {Faith rElec rF++ Int+4
                  | Stlth-} (You found it on level 8 of the Dungeon)
 10109 | D:8      | Learned a level 5 spell: Lightning Bolt
 10121 | D:8      | Identified the cursed +1 chain mail of the Bard {*Drain rN+
                  | Str+2 Int+6} (You found it on level 8 of the Dungeon)
 10498 | D:9      | Found a shadowy altar of Dithmenos.
 11067 | D:9      | Reached skill level 5 in Spellcasting
 11613 | D:9      | Reached skill level 5 in Evocations
 11778 | D:9      | Found an opulent altar of Gozag.
 11789 | D:9      | Found a white marble altar of Elyvilon.
 12032 | D:10     | Entered Level 10 of the Dungeon
 12370 | D:10     | Found Zasiq's General Store.
 12391 | D:10     | Got a scorched chain mail
 12587 | D:10     | Noticed Grum
 12590 | D:10     | Killed Grum
 12830 | D:10     | Noticed a manticore
 12841 | D:10     | Killed a manticore
 13112 | D:10     | Reached XP level 11. HP: 85/85 MP: 18/24
 13148 | D:10     | Found a staircase to the Lair.
 13659 | Lair:1   | Entered Level 1 of the Lair of Beasts
 13662 | Lair:1   | Reached skill level 5 in Fighting
 13666 | Lair:1   | Reached skill level 5 in Dodging
 13678 | Lair:1   | Noticed a five-headed hydra
 13683 | Lair:1   | Killed a five-headed hydra
 14556 | Lair:1   | Found a runed translucent door.
 14556 | Lair:1   | Noticed Betogralu's ghost (novice DEAE)
 15490 | Lair:2   | Reached skill level 12 in Air Magic
 15490 | Lair:2   | Reached XP level 12. HP: 94/94 MP: 26/26
 15491 | Lair:2   | Reached skill level 13 in Air Magic
 15491 | Lair:2   | Reached XP level 13. HP: 100/100 MP: 28/28
 16026 | Lair:3   | Found a gate leading to a gauntlet.
 16055 | Gauntlet | Entered a Gauntlet
 16055 | Gauntlet | Found a transporter.
 16055 | Gauntlet | Found a transporter.
 16055 | Gauntlet | Found a transporter.
 16313 | Gauntlet | Found a transporter.
 16325 | Gauntlet | Found a transporter.
 16327 | Gauntlet | Found a transporter.
 16337 | Gauntlet | Found a transporter.
 16358 | Gauntlet | Found a transporter.
 16364 | Gauntlet | Found a transporter.
 16368 | Gauntlet | Found a transporter.
 16378 | Gauntlet | Found a transporter.
 16382 | Gauntlet | Found a transporter.
 16775 | Gauntlet | Got a flickering brass ring
 16910 | Gauntlet | Identified the ring of the Ladybird {rN+ MR++} (You found
                  | it in a Gauntlet)
 16941 | Gauntlet | Got a fine rapier
 17130 | Gauntlet | Identified the +5 rapier "Ypah" {holy, rF++ MR- Str+4} (You
                  | found it in a Gauntlet)
 17135 | Gauntlet | Noticed a sphinx
 17136 | Gauntlet | Noticed an azure jelly
 17136 | Gauntlet | a sphinx changed into an azure jelly
 17141 | Gauntlet | an azure jelly changed into an alligator snapping turtle
 17144 | Gauntlet | Noticed a sphinx
 17144 | Gauntlet | an alligator snapping turtle changed into a sphinx
 17153 | Gauntlet | Identified the +4 great mace of Ruination {flame, rElec
                  | rPois Int-3 Dex+5}
 17153 | Gauntlet | Identified the ring "Luafym" {rF+ AC+1}
 17153 | Gauntlet | Noticed a minotaur
 17163 | Gauntlet | Noticed a sphinx
 17164 | Gauntlet | a sphinx changed into an iron troll
 17170 | Gauntlet | HP: 3/100 [minotaur/javelin (10)]
 17350 | Gauntlet | Found the -2 hat of the Alchemist {rElec rPois rF+ rC+ rN+
                  | MR+ rMut rCorr}
 17374 | Gauntlet | Got a fabulously ornate robe
 17689 | Lair:2   | Identified the +1 robe "Mauver" {rN+ Str+4} (You found it
                  | in a Gauntlet)
 17709 | Lair:2   | Identified the cursed +0 chain mail "Hanutaf" {Regen+ Str+4
                  | Int+4} (You found it on level 10 of the Dungeon)
 18180 | Lair:3   | Reached skill level 10 in Conjurations
 18833 | Lair:4   | Noticed Nessos
 18990 | Lair:4   | Noticed Josephine
 18997 | Lair:4   | Killed Josephine
 19844 | Lair:4   | Reached XP level 14. HP: 94/107 MP: 20/31
 20120 | Lair:4   | Found a staircase to the Shoals.
 20182 | Lair:4   | Noticed Nessos
 20182 | Lair:4   | Nessos changed into Nessos the torpor snail
 20185 | Lair:4   | Killed Nessos the torpor snail
 20396 | Lair:4   | Reached skill level 10 in Spellcasting
 20951 | Lair:4   | Found a hole to the Spider Nest.
 21680 | Lair:5   | You fall into a shaft and drop 1 floor!
 21680 | Lair:6   | Entered Level 6 of the Lair of Beasts
 21702 | Lair:6   | Found a bloodstained altar of Trog.
 21979 | Lair:5   | Noticed Snorg
 22554 | Lair:5   | Killed Snorg
 22632 | Lair:5   | Found a viscous altar of Jiyva.
 22633 | Lair:5   | Found a staircase to the Slime Pits.
 25266 | Lair:6   | Paralysed by a hornet for 3 turns
 26129 | Lair:6   | Identified Itipioti's Reference Book on Battle Magic
 27680 | D:11     | Reached XP level 15. HP: 113/113 MP: 19/34
 28201 | D:11     | Reached skill level 14 in Air Magic
 29305 | D:12     | Found a staircase to the Orcish Mines.
 29967 | D:13     | Noticed Tux's ghost (journeyman FoFi)
 29967 | D:13     | Noticed a tengu reaver
 29985 | D:13     | Found a corrupted altar of Lugonu.
 30183 | D:13     | Found Kykh's General Store.
 30473 | Orc:1    | Entered Level 1 of the Orcish Mines
 30782 | Orc:1    | Found Utaboqeg's Magic Scroll Boutique.
 30805 | Orc:1    | Bought a scroll of teleportation for 42 gold pieces
 30805 | Orc:1    | Bought a scroll of magic mapping for 49 gold pieces
 31495 | Orc:1    | Found a roughly hewn altar of Beogh.
 31752 | Orc:2    | Entered Level 2 of the Orcish Mines
 33348 | Orc:2    | Found a staircase to the Elven Halls.
 34734 | Orc:2    | Found Nuty's Magic Scroll Boutique.
 34780 | Orc:2    | Found a roughly hewn altar of Beogh.
 34904 | Orc:2    | Learned a level 6 spell: Conjure Ball Lightning
 34912 | Orc:2    | Learned a level 7 spell: Orb of Destruction
 34929 | Orc:2    | Found Buzimil's Magic Scroll Shop.
 34934 | Orc:2    | Bought a scroll of teleportation for 48 gold pieces
 34934 | Orc:2    | Bought a scroll of teleportation for 48 gold pieces
 34944 | Orc:2    | Bought a scroll of fear for 56 gold pieces
 35518 | Orc:2    | Found a roughly hewn altar of Beogh.
 35791 | Orc:2    | Found Focab's Weapon Emporium.
 35855 | Orc:2    | Found Xeoledwa's Food Shoppe.
 36496 | Spider:1 | Entered Level 1 of the Spider Nest
 36496 | Spider:1 | Identified a scroll of acquirement
 36995 | Spider:1 | Identified the ring "Lyilyatz" {MR+ AC+4} (You acquired it
                  | on level 1 of the Spider Nest)
 37962 | Spider:1 | Reached skill level 15 in Conjurations
 38693 | Spider:1 | Reached skill level 15 in Air Magic
 39177 | Spider:2 | Noticed Kirke
 39207 | Spider:2 | Killed Kirke
 39935 | Spider:3 | Reached XP level 16. HP: 109/119 MP: 12/37
 42476 | Spider:3 | Reached skill level 16 in Air Magic
 44163 | Shoals:1 | Entered Level 1 of the Shoals
 44451 | D:8      | Bought a scroll of blinking for 157 gold pieces
 44451 | D:8      | Bought a potion of cancellation for 168 gold pieces
 44451 | D:8      | Bought a potion of heal wounds for 105 gold pieces
 44451 | D:8      | Bought a scroll of identify for 42 gold pieces
 44534 | D:8      | Bought a pair of glowing gloves for 157 gold pieces
 46573 | Shoals:1 | Noticed Nikola
 46711 | Shoals:1 | Killed Nikola
 46711 | Shoals:1 | Reached skill level 17 in Air Magic
 48584 | Shoals:2 | Found Asmekh's Book Shoppe.
 49288 | Shoals:2 | Reached skill level 18 in Air Magic
 49454 | Shoals:2 | Noticed Polyphemus
 50232 | Shoals:2 | Killed Polyphemus
 50687 | Shoals:3 | Reached XP level 17. HP: 126/126 MP: 26/38
 51251 | Shoals:3 | Found Hexab's General Store.
 52202 | Elf:1    | Entered Level 1 of the Elven Halls
 52392 | Elf:1    | Found Qaicarch's Armour Boutique.
 52676 | Elf:1    | Found Feycrin's Armour Shop.
 53354 | Elf:1    | Found Poacziv's Jewellery Boutique.
 53460 | Elf:1    | Found Unteaquv's Gadget Shop.
 54187 | Elf:1    | Found Cisos's Antique Armour Shoppe.
 54780 | Elf:2    | HP: 3/126 [deep elf mage/bolt of cold (23)]
 54780 | Elf:2    | Killed from afar by a deep elf death mage

Levels and vault maps discovered:
D:1:      denvon_arrival_planthouse, layout_rooms, serial_rivers,
          chequers_serial_rivers_large_a, chequers_serial_rivers_large_b,
          chequers_serial_rivers_room_a, chequers_serial_rivers_micro_c,
          chequers_serial_rivers_micro_c
D:2:      layout_basic, old_standard_altar, xom_redecorated, led_sif_pool
D:3:      layout_loops_ring, lemuel_round_altar, overflow_temple_1_default,
          first_ration, chequers_decorated_corner
D:4:      layout_cave_pools, lemuel_round_altar, kennysheep_little_box,
          minmay_crystal_room, minmay_ruptured, uniq_robin
D:5:      layout_gridville, okawaru_gym_becter, kennysheep_mini,
          old_standard_altar, grunt_decor_cap
D:6:      layout_basic, lemuel_coloured_pillars_altar
D:7:      layout_gridville, temple_doors_e, nrook_campfire
D:8:      minmay_the_grid_octo_triangle [minmay_the_grid_octo_fat_diamond,
          minmay_the_grid_octo_prize_square_snowflake,
          minmay_the_grid_octo_fan_narrow], layout_basic, serial_shops,
          shop_statue, minivault_11, chequers_guarded_unrand_ignorance
D:9:      layout_basic, elyvilon_altar_3, nicolae_overflow_hidden_temple,
          grunt_pizzeria, nicolae_dithmenos_shadow_blocks
D:10:     layout_loops_corners, david_lair_shrubbed, serial_shops,
          shop_fountains, uniq_grum
D:11:     kb_forest_paths, layout_irregular_city
D:12:     layout_basic, david_orc_3
D:13:     layout_roguey, grunt_vaults_entry_fortified, serial_shops,
          kennysheep_mini_moat, gammafunk_ghost_arena, tgw_lugonu_bribe,
          uniq_azrael
Lair:1:   layout_gridlike, ebering_ghost_inner_flame, serial_rivers,
          chequers_serial_rivers_small_b, chequers_serial_rivers_room_a,
          chequers_serial_rivers_room_b, chequers_serial_rivers_small_3
Lair:2:   layout_gridlike
Lair:3:   layout_gridlike, gauntlet_entry_generic, serial_bayou_shore_b
Lair:4:   layout_regular_city, elwin_shoals_entry_rocks, spider_nest_entry_webs,
          serial_bayou_shore_a, grunt_megastairs_4, lemuel_fruit_tree,
          uniq_nessos, uniq_josephine
Lair:5:   layout_loops_ring, slime_altar_1, grunt_forest_large_clearings,
          uniq_snorg
Lair:6:   minmay_lair_end_enchanted_forest, layout_loops_ring, basic_altar,
          serial_bayou_shore_b, infiniplex_staircase_pool, grunt_megastairs_5,
          serial_bayou_shore_b
Shoals:1: layout_shoals, nicolae_shoals_circle_sea_wall, uniq_nikola
Shoals:2: layout_shoals, serial_shops, nicolae_shop_trees,
          nicolae_shoals_water_shrine, uniq_polyphemus
Shoals:3: layout_shoals, serial_shops, nicolae_shop_behind_doors
Spider:1: layout_spider_delve
Spider:2: layout_spider_delve, hive_lemuel, uniq_kirke
Spider:3: nicolae_spider_hall_of_the_moth_king
Orc:1:    layout_caves, basic_altar, serial_shops, shop
Orc:2:    pubby_orc_utopia, serial_shops
Elf:1:    eino_elf_arrival_customs, layout_onion_city, serial_shops,
          nicolae_shop_trees, shop_fountains, shop, shop_statue, minivault_28,
          minmay_shop_star
Elf:2:    layout_gridlike, grunt_ministairs_4

Skill      XL: |  1  2  3  4  5  6  7  8  9 10 11 12 13 14 15 16 |
---------------+-------------------------------------------------+-----
Spellcasting   | 2 3 4 6 7 9 10 12 | 12.9
Air Magic      | 3 4 5 6 8 10 12 13 15 18 | 18.6
Dodging        | 2 4 6 |  6.2
Fighting       | 1 2 3 4 5 |  5.0
Conjurations   | 2 3 7 8 9 10 14 15 | 15.0
Evocations     | 2 5 |  5.0
Stealth        | |  1.7

Action                   |  1- 3 |  4- 6 |  7- 9 | 10-12 | 13-15 | 16-18 || total
-------------------------+-------+-------+-------+-------+-------+-------++-------
Melee: Falchion          |       |    23 |    35 |    44 |   226 |    36 ||   364
       Dagger            |       |     2 |       |       |       |       ||     2
       Staff             |       |       |       |     1 |       |       ||     1
       Great sword       |       |       |       |       |    16 |       ||    16
 Cast: Shock             |   106 |   189 |   145 |   123 |   204 |       ||   767
       Airstrike         |       |     3 |    51 |    69 |   674 |   480 ||  1277
       Static Discharge  |       |     2 |     5 |     8 |    45 |       ||    60
       Lightning Bolt    |       |       |       |    18 |    66 |     1 ||    85
       Conjure Ball Ligh |       |       |       |       |    19 |    32 ||    51
       Orb of Destructio |       |       |       |       |       |    29 ||    29
Evoke: Wand              |       |       |     2 |     4 |    14 |     8 ||    28
       Lightning rod     |       |       |       |     2 |     4 |       ||     6
  Use: Scroll            |       |    10 |     4 |     8 |    23 |     8 ||    53
       Potion            |       |     1 |       |     4 |    13 |     8 ||    26
 Stab: Paralysed         |       |       |       |       |     2 |       ||     2
       Invisible         |       |       |       |       |     1 |       ||     1
  Eat: Chunk             |     4 |    13 |    15 |    20 |    57 |    26 ||   135
       Ration            |       |       |     2 |     2 |     7 |    10 ||    21
Armor: Robe              |       |     9 |    17 |    27 |   148 |   145 ||   346
       Skin              |       |       |       |    12 |       |       ||    12
Dodge: Dodged            |    10 |    48 |    70 |    83 |   536 |   201 ||   948
Block: Buckler           |       |       |       |       |    79 |    76 ||   155
       Rpst.: Falchion   |       |     9 |    21 |    21 |   140 |    29 ||   220
       Great sword       |       |       |       |       |    10 |       ||    10

Table legend:
 A = Non-vault XP
 B = Vault XP
 C = Vault XP percentage of total XP
 D = Non-vault monster count
 E = Vault monster count
 F = Vault count percentage of total count
                 A         B        C        D         E       F
            +---------+---------+-------+---------+---------+-------
      Total |  160332 |   85113 |  34.7 |     737 |     350 |  32.2
            +---------+---------+-------+---------+---------+-------
        D:1 |      41 |       0 |   0.0 |      21 |       0 |   0.0
        D:2 |     198 |       0 |   0.0 |      27 |       0 |   0.0
        D:3 |     158 |       6 |   3.7 |      24 |       3 |  11.1
        D:4 |     399 |      35 |   8.1 |      22 |      11 |  33.3
        D:5 |     601 |       0 |   0.0 |      17 |       0 |   0.0
        D:6 |     820 |       0 |   0.0 |      21 |       0 |   0.0
        D:7 |     762 |       0 |   0.0 |      17 |       0 |   0.0
        D:8 |    1082 |    2620 |  70.8 |      18 |      17 |  48.6
        D:9 |    2815 |     202 |   6.7 |      39 |       1 |   2.5
       D:10 |    2883 |     929 |  24.4 |      35 |       5 |  12.5
       D:11 |    5793 |    6997 |  54.7 |      38 |      19 |  33.3
       D:12 |    4399 |     315 |   6.7 |      31 |       7 |  18.4
       D:13 |    1130 |     798 |  41.4 |       4 |       1 |  20.0
     Lair:1 |    5041 |       0 |   0.0 |      21 |       0 |   0.0
     Lair:2 |    2062 |       0 |   0.0 |      11 |       0 |   0.0
     Lair:3 |    7481 |     621 |   7.7 |      33 |       3 |   8.3
     Lair:4 |   10167 |    2680 |  20.9 |      32 |       8 |  20.0
     Lair:5 |    6290 |    5721 |  47.6 |      20 |      33 |  62.3
     Lair:6 |    8972 |    8770 |  49.4 |      29 |      45 |  60.8
   Shoals:1 |   16369 |    3965 |  19.5 |      39 |       1 |   2.5
   Shoals:2 |   15281 |   11494 |  42.9 |      31 |      15 |  32.6
   Shoals:3 |    9083 |       0 |   0.0 |      17 |       0 |   0.0
   Spider:1 |   13144 |       0 |   0.0 |      50 |       0 |   0.0
   Spider:2 |    8576 |    3100 |  26.6 |      20 |       6 |  23.1
   Spider:3 |   18912 |    3791 |  16.7 |      51 |      10 |  16.4
      Orc:1 |    3543 |      40 |   1.1 |      45 |       1 |   2.2
      Orc:2 |       0 |   19087 | 100.0 |       0 |     137 | 100.0
      Elf:1 |   12650 |   10062 |  44.3 |      22 |      16 |  42.1
      Elf:2 |    1680 |       0 |   0.0 |       2 |       0 |   0.0
   Gauntlet |       0 |    3880 | 100.0 |       0 |      11 | 100.0
            +---------+---------+-------+---------+---------+-------
